 Dungeon Crawl Stone Soup version 0.29-a0-375-g5102b3be25 (webtiles) character file.

Game seed: 3455531201481178290

37 jaega1 the Charlatan (level 3, 25/26 HPs)
             Began as a Demonspawn Artificer on May 3, 2022.
             Was a Plaything of Xom.
             Quit the game on level 2 of the Dungeon.
             The game lasted 00:04:36 (1868 turns).

jaega1 the Charlatan (Demonspawn Artificer)         Turns: 1868, Time: 00:04:37

Health: 25/26      AC:  6    Str: 14    XL:     3   Next: 21%
Magic:  3/3        EV: 11    Int: 12    God:    Xom [..*...]
Gold:   54         SH:  0    Dex: 13    Spells: 2/2 levels left

rFire   . . .      SeeInvis .   o - +1 whip (flame)
rCold   . . .      Faith    .   (no shield)
rNeg    . . .      Spirit   .   b - +0 leather armour
rPois   .          Reflect  .   (no helmet)
rElec   .          Harm     .   (no cloak)
rCorr   .          Rampage  .   p - +0 pair of gloves
Will    .....                   (no boots)
Stlth   +.........              (no amulet)
HPRegen 0.08/turn               (no ring)
MPRegen 0.08/turn               (no ring)

@: no status effects
A: molten scales 1
a: Renounce Religion


You were on level 2 of the Dungeon.
You worshipped Xom.
You were a toy of Xom.
You visited 1 branch of the dungeon, and saw 2 of its levels.

You collected 54 gold pieces.

Inventory:

Hand Weapons
 a - a +0 club
 f - a +0 hunting sling
 k - a +2 dagger of venom
 m - a +0 mace
 o - a +1 whip of flaming (weapon)
Missiles
 j - 5 javelins
Armour
 b - a +0 leather armour (worn)
 h - a +0 plate armour
 p - a +0 pair of gloves (worn)
Wands
 c - a wand of flame (15) (quivered)
 d - a wand of charming (15)
 e - a wand of iceblast (9)
Scrolls
 l - a scroll of vulnerability {unknown}
 n - a scroll of amnesia {unknown}
 q - a scroll of poison {unknown}
Potions
 g - a potion of cancellation {unknown}
 i - a potion of mutation {unknown}


   Skills:
 - Level 1.0 Fighting
 - Level 0.1 Short Blades
 * Level 1.2 Maces & Flails
 - Level 1.7 Armour
 - Level 0.8 Dodging
 - Level 0.8 Stealth
 - Level 4.0 Evocations


You had 2 spell levels left.
You didn't know any spells.
Your spell library contained the following spells:

 Spells                   Type           Power      Damage    Failure   Level
 Foxfire                  Conj/Fire      0%         2x1d4     38%         1
 Conjure Flame            Conj/Fire      0%         6-21      77%         3
 Inner Flame              Hex/Fire       0%         N/A       77%         3
 Flame Wave               Conj/Fire      0%         2d4       99%         4


Dungeon Overview and Level Annotations

Branches:
Dungeon (2/15)

Altars:
Xom


Innate Abilities, Weirdness & Mutations

You are partially covered in molten scales. (AC +2)


Message History

There is a stone staircase leading down here.
The endoplasm quivers.
An endoplasm is nearby!
The endoplasm hits you.
You hit the endoplasm. You burn the endoplasm.
The endoplasm is heavily wounded.
The endoplasm freezes you.
You are frozen.
You hit the endoplasm. You burn the endoplasm.
You kill the endoplasm!
You start resting.
HP restored.
You open the door.
An endoplasm comes into view.
Found 20 stones.
An endoplasm is nearby!
There is an open door here.
Found a faded altar of an unknown god.
A rat comes into view.
There is an open door here.
There is an open door here.
You hit the endoplasm. You burn the endoplasm.
You kill the endoplasm!
You enter the shallow water.
Moving in this stuff is going to be slow.
The rat bites you but does no damage.
You barely miss the rat. The rat barely misses you.
You barely miss the rat. The rat bites you but does no damage.
Your unstable footing causes you to fumble your attack.
The rat bites you.
You barely miss the rat. The rat bites you but does no damage.
You hit the rat. You burn the rat.
You kill the rat!
You see here a rat corpse.
There is a faded altar of an unknown god here.
You cannot tell which god this altar belongs to.
Convert to them anyway?
Xom accepts your prayer! Xom welcomes you!
Xom is very intrigued!
Are you sure you want to abandon this character and quit the game? (Confirm with "yes".)

##.###..#####.#.........
#.#. #..# #...........
..# #....# #...########
### ###########.###
#.........#.#
#....≈....#.#
#.≈..≈..≈.#.#
#.≈..≈..≈.#.#
+####@####'.#
#.≈..≈.†≈.###
#.≈..≈..≈.# #....≈....#
#...(.....# ###########


There were no monsters in sight!

Vanquished Creatures
  An adder (D:2)
  A worm (D:2)
  2 bats (D:2)
  5 endoplasms
  2 giant cockroaches
  3 hobgoblins (D:1)
  A quokka (D:1)
  A ball python (D:1)
  2 frilled lizards (D:1)
  2 goblins (D:1)
  A kobold (D:2)
  3 rats
24 creatures vanquished.

Notes
Turn   | Place    | Note
-------+----------+-------------------------------------------
     0 | D:1      | jaega1 the Demonspawn Artificer began the quest for the
                  | Orb.
     0 | D:1      | Reached XP level 1. HP: 15/15 MP: 1/1
   963 | D:1      | Gained mutation: You are partially covered in molten
                  | scales. (AC +2) [demonic ancestry]
   963 | D:1      | Reached XP level 2. HP: 21/21 MP: 2/2
  1541 | D:2      | Reached skill level 4 in Evocations
  1573 | D:2      | Reached XP level 3. HP: 25/26 MP: 3/3
  1614 | D:2      | Reached skill level 1 in Maces & Flails
  1852 | D:2      | Found a faded altar of an unknown god.
  1867 | D:2      | Prayed at the altar of an unknown god.
  1867 | D:2      | Became a worshipper of Xom of Chaos
  1868 | D:2      | Quit the game

Illustrated notes

Levels and vault maps discovered:
D:1:      minmay_arrival_checkered_box, layout_basic
D:2:      layout_loops_ring, serial_shops, nicolae_shop_behind_doors,
          shapermc_ecumenical_altar_notcrosses

Skill      XL: |  1  2  3 |
---------------+----------+-----
Evocations     | 4 |  4.0
Maces & Flails | 1 |  1.2
Fighting       | |  1.0
Short Blades   | |  0.1
Armour         | |  1.7
Dodging        | |  0.8
Stealth        | |  0.8

Action                   || total
-------------------------++-------
Melee: Club              ||    39
       Dagger            ||    34
       Whip              ||    26
       Punch             ||     1
Armor: Leather armour    ||    29
Dodge: Dodged            ||    57

Table legend: (Time is in decaauts)
 A = Elapsed time spent in this place.
 B = Non-inter-level travel time spent in this place.
 C = Inter-level travel time spent in this place.
 D = Time resting spent in this place.
 E = Time spent auto-exploring this place.
 F = Levels seen in this place.
 G = Mean time per level.
                   A        B        C        D        E       F      G
               +--------+--------+--------+--------+--------+-----+--------+
         Total |   1882 |   1865 |     17 |    661 |    846 |   2 |  941.0 |
       Dungeon |   1882 |   1865 |     17 |    661 |    846 |   2 |  941.0 |
               +--------+--------+--------+--------+--------+-----+--------+

Top non-repeatable levels by time:
     D:1: 1390 daAuts
     D:2: 491 daAuts
